 Dungeon Crawl Stone Soup version 0.30.0-19-g36f170ea60 (webtiles) character file.

Game seed: 11647148632960010874

30 monsoonserge the Conjurer (level 3, 0/26 HPs)
             Began as a Human Wanderer on May 29, 2023.
             Slain by a worm (3 damage)
             ... on level 1 of the Dungeon.
             The game lasted 00:04:29 (988 turns).

monsoonserge the Conjurer (Human Wanderer)           Turns: 988, Time: 00:04:30

Health: 0/26       AC:  4    Str: 19    XL:     3   Next: 37%
Magic:  4/4        EV: 12    Int: 13    God:
Gold:   39         SH:  0    Dex: 12    Spells: 3/4 levels left

rFire   . . .        e - +0 spear
rCold   . . .        (no shield)
rNeg    . . .        d - +0 leather armour
rPois   .            b - +0 helmet
rElec   .            (no cloak)
rCorr   .            (no gloves)
SInv    .            (no boots)
Will    .....        n - amulet of magic regeneration
Stlth   +            l - +6 ring of strength
HPRegen 0.24/turn    (no ring)
MPRegen 0.49/turn

%: no passive effects
@: no status effects
A: no striking features
a: no special abilities


You were on level 1 of the Dungeon.
You visited 1 branch of the dungeon, and saw 2 of its levels.

You collected 39 gold pieces.

Inventory:

Hand Weapons
 a - a +0 sling
 e - a +0 spear (weapon)
 m - a +0 mace
Armour
 b - a +0 helmet (worn)
 d - a +0 leather armour (worn)
Jewellery
 l - a +6 ring of strength (left hand)
 n - an amulet of magic regeneration (around neck)
Scrolls
 c - 2 scrolls of vulnerability
 f - a scroll of enchant armour {unknown}
 g - a scroll of identify {unknown}
 h - a scroll of torment {unknown}
 j - a scroll of noise {unknown}
 o - a scroll of enchant weapon {unknown}
Potions
 i - a potion of ambrosia {unknown}
 k - a potion of attraction {unknown}


   Skills:
 + Level 1.0 Fighting
 + Level 0.1 Polearms
 - Level 1.0 Ranged Weapons
 + Level 1.0 Throwing
 * Level 1.0 Armour
 + Level 2.1 Dodging
 + Level 1.0 Spellcasting
 + Level 4.7 Conjurations


You had 3 spell levels left.
You knew the following spells:

 Your Spells              Type           Power      Damage    Failure   Level
a - Magic Dart            Conj           48%        1d5       4%          1

Your spell library contained the following spells:

 Spells                   Type           Power      Damage    Failure   Level
 Poisonous Vapours        Pois/Air       0%         N/A       45%         2
 Mephitic Cloud           Conj/Pois/Air  4%         N/A       47%         3
 Sticky Flame             Conj/Fire      6%         2d3       77%         4
 Freezing Cloud           Conj/Ice/Air   2%         6-21      99%         5


Dungeon Overview and Level Annotations

Branches:
Dungeon (2/15)

Altars:

Shops:
D:1 (


Message History

Aim: a giant cockroach (asleep, about 2% to evade your +0 spear)
You reach to attack!
The helpless giant cockroach fails to defend itself.
You hit the giant cockroach but do no damage.
The giant cockroach bites you but does no damage.
Found a robe.
You hit the hobgoblin but do no damage.
The giant cockroach bites you but does no damage.
The giant cockroach closely misses you. The hobgoblin barely misses you.
You closely miss the hobgoblin.
The giant cockroach bites you but does no damage.
The hobgoblin hits you but does no damage.
You closely miss the hobgoblin. The giant cockroach bites you.
The hobgoblin misses you.
You hit the hobgoblin.
You kill the hobgoblin!
The giant cockroach completely misses you.
The giant cockroach barely misses you.
The giant cockroach bites you but does no damage. x2
There is a stone staircase leading up here.
The worm bites you! The giant cockroach closely misses you.
You climb upwards.
There is a stone staircase leading down here.
You closely miss the giant cockroach. The giant cockroach barely misses you.
The worm bites you.
You closely miss the giant cockroach. The giant cockroach bites you.
The giant cockroach bites you but does no damage.
You closely miss the giant cockroach. The worm closely misses you.
The giant cockroach bites you.
You hit the giant cockroach. Your punch misses the giant cockroach.
The giant cockroach is severely wounded.
The giant cockroach bites you. The worm bites you!
* * * LOW HITPOINT WARNING * * *
You barely miss the giant cockroach.
The giant cockroach is severely wounded.
The giant cockroach closely misses you. x2
You completely miss the giant cockroach.
The giant cockroach is severely wounded.
The worm bites you.
You die...

############ #..........#
#.########.###########
#.#..................####
#.#.####w#.######.>......
#.#.# #@#.# ####.####
#.#.# #B#.# #####.####
#...# #.#.# #.........
#..## #.#.#####.###.####
#..# #.#.##....# #.# #
#..# #.#.##.#### #.# #
#..#####.#.#.∩######.# #
#......).............#
##.#########.#######.#


You could see a worm and a giant cockroach.

Vanquished Creatures
  A gnoll (D:1)
  A dart slug (D:1)
  4 hobgoblins
  2 kobolds (D:1)
  A quokka (D:1)
  5 ball pythons
  A bat (D:1)
  A frilled lizard (D:1)
  A goblin (D:1)
  2 rats (D:1)
19 creatures vanquished.

Notes
Turn   | Place    | Note
-------+----------+-------------------------------------------
     0 | D:1      | monsoonserge the Human Wanderer began the quest for the
                  | Orb.
     0 | D:1      | monsoonserge set off with the following items: a +0 sling,
                  | a +0 helmet, a scroll of vulnerability, a +0 leather
                  | armour; and the following spell memorised: Magic Dart; and
                  | the following spells available to memorise: Mephitic Cloud,
                  | Sticky Flame.
     0 | D:1      | Reached XP level 1. HP: 15/15 MP: 2/2
   246 | D:1      | Reached XP level 2. HP: 21/21 MP: 0/3
   467 | D:1      | Reached XP level 3. HP: 23/26 MP: 0/4
   688 | D:1      | Found Ohiec's Antique Weapon Shoppe.
   760 | D:1      | Reached skill level 1 in Armour
   988 | D:1      | Slain by a worm

Illustrated notes

Levels and vault maps discovered:
D:1:      dpeg_arrival_tiny_g, layout_loops_ring, serial_shops, shop,
          kennysheep_minor_cross, minivault_27, minmay_misc_feat_five
D:2:      layout_loops_ring, serial_bayou_pond_e, kennysheep_nondescript,
          due_unseen_surprise

Skill      XL: |  1  2  3 |
---------------+----------+-----
Armour         | 1 |  1.0
Fighting       | |  1.0
Polearms       | |  0.1
Ranged Weapons | |  1.0
Throwing       | |  1.0
Dodging        | |  2.1
Spellcasting   | |  1.0
Conjurations   | |  4.7

Action                     || total
---------------------------++-------
  Melee: Spear             ||    61
         Punch             ||     2
   Cast: Magic Dart        ||    24
   Stab: Sleeping          ||     2
 Armour: Leather armour    ||    17
  Dodge: Dodged            ||    36
